 Dungeon Crawl Stone Soup version 0.23.2-30-g0e89c35 (webtiles) character file.

Game seed: 14247327036554633908

51699 robbits the Black Belt (level 14, -5/108 HPs)
             Began as a Demonspawn Monk on June 14, 2019.
             Was the Champion of Qazlal.
             Slain by a troll (8 damage)
             ... on level 1 of the Orcish Mines.
             The game lasted 01:05:05 (25975 turns).

robbits the Black Belt (Demonspawn Monk)           Turns: 25975, Time: 01:05:06

Health: -5/108     AC: 13    Str: 17    XL:     14   Next: 24%
Magic:  0/22       EV: 18    Int: 16    God:    Qazlal [******]
Gold:   1809       SH:  8    Dex: 20    Spells: 13/13 levels left

rFire    . . .     SeeInvis .     - Unarmed
rCold    . . .     Gourm    .   (no shield)
rNeg     . . .     Faith    .   a - +2 robe
rPois    .         Spirit   +   (helmet unavailable)
rElec    .         Reflect  .   (no cloak)
rCorr    .         Harm     .   u - +2 pair of gloves
MR       ++...                  g - +2 pair of boots
Stlth    +.........             H - amulet of magic regeneration
HPRegen  0.28/turn              G - ring of wizardry
MPRegen  0.43/turn              B - +4 ring of strength

@: brilliant, grasped by roots, protected from physical damage, hasted,
constricted, studying Spellcasting, repel missiles, very quick
A: horns 3, magic resistance 1, powered by death 1, wild magic 1, magic shield,
MP-powered wands
a: Upheaval, Elemental Force, Disaster Area, Renounce Religion


You were on level 1 of the Orcish Mines.
You worshipped Qazlal.
Qazlal was exalted by your worship.
You were very hungry.

You visited 4 branches of the dungeon, and saw 20 of its levels.
You also visited: Sewer and Ossuary.

You collected 1809 gold pieces.

Inventory:

Hand Weapons
 t - the +4 dagger "Morg" {pain, MR+ Int+5}
   (You found it on level 5 of the Dungeon)

   In the hands of one skilled in necromantic magic, it inflicts extra damage on
   living creatures.
   It affects your intelligence (+5).
   It affects your resistance to hostile enchantments.
Armour
 a - a +2 robe (worn)
 g - a +2 pair of boots (worn)
 h - a +0 buckler
 u - a +2 pair of gloves (worn)
Jewellery
 d - the ring of Nuduf {+Blink EV+1}
   (You found it on level 2 of the Lair of Beasts)

   [ring of evasion]

   It affects your evasion (+1).
   It lets you blink.
 f - an uncursed ring of see invisible
 l - a +3 ring of protection
 v - an uncursed ring of protection from cold
 w - an uncursed ring of protection from fire
 y - an uncursed ring of stealth
 B - a +4 ring of strength (right hand)
 G - a ring of wizardry (left hand)
 H - an amulet of magic regeneration (around neck)
 L - an uncursed ring of protection from magic
 M - an uncursed ring of ice
 R - the ring "Yczueruc" {rN+ MR- MP+9 Str+4 Dex-2}
   (You found it on level 6 of the Lair of Beasts)

   [ring of dexterity]

   It affects your strength (+4).
   It affects your dexterity (-2).
   It protects you from negative energy.
   It affects your resistance to hostile enchantments.
   It affects your magic capacity (+9).
Wands
 c - a wand of polymorph (6)
 j - a wand of enslavement (5)
 k - a wand of paralysis (7)
 x - a wand of disintegration (40)
 A - a wand of acid (9)
 C - a wand of digging (5)
 F - a wand of flame (42)
 N - a wand of iceblast (15)
 P - a wand of random effects (21)
Scrolls
 i - 11 scrolls of remove curse
 m - a scroll of teleportation
 n - 3 scrolls of enchant weapon
 o - 3 scrolls of enchant armour
 r - 4 scrolls of identify
 D - 2 scrolls of amnesia
 K - a scroll of fog
Potions
 e - 4 potions of brilliance
 p - 2 potions of resistance
 q - 2 potions of flight
 s - 2 potions of haste
 E - a potion of cancellation
 O - a potion of lignification
Books
 I - a manual of Spellcasting
Comestibles
 b - 37 rations


   Skills:
 + Level 9.1 Fighting
 - Level 0.5 Short Blades
 + Level 0.3 Armour
 * Level 10.8 Dodging
 - Level 3.0 Stealth
 - Level 4.0 Shields
 * Level 15.5 Unarmed Combat
 + Level 11.6 Invocations
 - Level 5.0 Evocations


You had 13 spell levels left.
You didn't know any spells.
Your spell library contained the following spells:

 Spells                   Type           Power        Failure   Level  Hunger
 Animate Skeleton         Necr           N/A          4%          1    ##.....
 Apportation              Tloc           ##....       4%          1    ##.....
 Confusing Touch          Hex            ##....       4%          1    ##.....
 Pain                     Necr           ##..         4%          1    ##.....
 Summon Small Mammal      Summ           ##..         4%          1    ##.....
 Confuse                  Hex            ##......     11%         3    ####...
 Gell's Gravitas          Tloc           ##........   11%         3    ####...
 Regeneration             Chrm/Necr      ##........   11%         3    ####...
 Vampiric Draining        Necr           ##........   11%         3    ####...
 Animate Dead             Necr           N/A          28%         4    #####..
 Petrify                  Tmut/Erth      ##......     28%         4    #####..
 Metabolic Englaciation   Hex/Ice        ##........   56%         5    ######.
 Yara's Violent Unravell  Hex/Tmut       ##........   56%         5    ######.


Dungeon Overview and Level Annotations

Branches:
Dungeon (11/15)            Temple (1/1) D:5            Lair (6/6) D:9
  Swamp (0/4) Lair:2        Snake (0/4) Lair:2        Slime (0/5) Lair:6
    Orc (2/2) D:11            Elf (0/3) Orc:2

Altars:
Ashenzari
Cheibriados
Dithmenos
Elyvilon
Fedhas
Gozag
Hepliaklqana
Kikubaaqudgha
Makhleb
Nemelex Xobeh
Okawaru
Qazlal
Ru
Sif Muna
Trog
Uskayaw
Vehumet
Wu Jian
Xom
Yredelemnul
Zin
The Shining One
Beogh

Shops:
D:11 [   Orc:2 [

Annotations:
Lair:5 3 runed translucent doors, exclusion: 3 doors, Thalamas's ghost, journeyman MiBe
Orc:1 Jorgrun


Innate Abilities, Weirdness & Mutations

You have a pair of large horns on your head.
You regenerate a little health from kills.
When hurt, damage is shared between your health and your magic reserves.
You are resistant to hostile enchantments. (MR+)
Your spells are a little harder to cast, but a little more powerful.
You expend magic power (3 MP) to strengthen your wands.


Message History

Qazlal accepts your kill.
The orc wizard hits you but does no damage.
You block Jorgrun's attack.
* * * LOW HITPOINT WARNING * * *
The grasping roots constrict you! The troll barely misses you.
The troll closely misses you. You block the troll's attack.
You feel yourself speed up. The orc wizard casts a spell at you.
The magic dart hits you but does no damage.
You feel more protected from physical attacks.
Jorgrun hits you with an uncursed staff of earth.
* * * LOW HITPOINT WARNING * * *
You feel more protected from physical attacks.
Jorgrun crushes you!
* * * LOW HITPOINT WARNING * * *
x2 The grasping roots constrict you.
The orc wizard hits you but does no damage.
The troll bites you but does no damage. The troll claws you but does no damage.
The troll claws you!
You die...

...## .### #.
..### ##.## #..
....## #...#
.... .....#
##...## .....
#.#..##
#.....####...#.
......#
##...##.#o.....
#....##
##.#..#.○T#.....
.##.##
#.....○§@g.)....
#####
#....○§o.).....
.####
#.(..§...☼.....
..#.##
##(..#.........
.#...#
#.......#.#....
.##.##
##.......#$....
#....#
##..##.##...#.
....#### #...###
..## ....##.##
##.## #


You could see Jorgrun, a troll, an orc priest and an orc wizard.

Vanquished Creatures
  Gastronok (Lair:2)
  The ghost of razor4143 the Brawler, a journeyman TrFi (Lair:3)
  7 hydras
  A merfolk avatar (Lair:6)
  4 two-headed ogres
  An orc knight (D:11)
  The ghost of ubername the Carver, a novice MiMo of Wu Jian (D:6)
  A harpy (Lair:6)
  Pikel (D:4)
  5 orc sorcerers
  3 cyclopes
  A manticore (Lair:6)
  11 elephants
  2 centaur zombies (D:11)
  3 black mambas
  A torpor snail (Lair:5)
  6 spiny frogs
  3 rime drakes
  12 komodo dragons
  4 polar bears
  A troll (Orc:1)
  3 hornets
  A wind drake (Lair:6)
  11 dream sheep
  25 blink frogs
  A slime creature (Lair:5)
  A bog body (Lair:2)
  6 hippogriffs
  Sigmund (D:3)
  A wraith (Ossuary)
  5 wyverns
  Eustachio (D:7)
  A basilisk (Lair:4)
  12 yaks
  3 hungry ghosts
  Menkaure (D:6)
  13 water moccasins
  A soldier ant (D:9)
  14 porcupines
  2 ice beasts
  2 black bears
  2 sky beasts
  21 orc warriors
  An ogre (D:6)
  3 phantoms (D:9)
  5 necrophages
  5 centaurs
  14 crocodiles
  12 bullfrogs
  2 wyvern zombies (D:6)
  2 gnoll sergeants
  2 scorpions
  5 killer bees
  5 wights (D:11)
  An electric eel (Lair:2)
  A howler monkey (D:5)
  3 crimson imps
  4 jellies
  4 quasits
  2 bullfrog skeletons
  4 centaur skeletons
  7 hounds
  Crazy Yiuf (D:4)
  A gnoll shaman (D:7)
  14 orc priests
  11 orc wizards
  2 iguanas
  7 worker ants
  5 mummies
  A howler monkey zombie (D:11)
  4 worker ant zombies
  Robin (D:2)
  A river rat (D:3)
  19 adders
  14 gnolls
  3 shadow imps
  2 oozes
  An adder skeleton (D:6)
  2 worms
  4 dart slugs
  6 leopard geckos
  74 orcs
  4 bats
  2 giant cockroaches
  10 goblins
  11 hobgoblins
  22 jackals
  3 quokkas
  6 ball pythons
  5 frilled lizards
  10 gnoll skeletons (Ossuary)
  A jackal skeleton (D:4)
  7 kobolds
  3 kobold skeletons (Ossuary)
  12 orc skeletons (Ossuary)
  8 rats
  A butterfly (Lair:5)
558 creatures vanquished.

Vanquished Creatures (others)
  An adder (D:4)
  A bat (D:3)
  7 fungi
  10 plants
  4 withered plants (D:11)
23 creatures vanquished.

Grand Total: 581 creatures vanquished

Notes
Turn   | Place    | Note
-------+----------+-------------------------------------------
     0 | D:1      | robbits the Demonspawn Monk began the quest for the Orb.
     0 | D:1      | Reached XP level 1. HP: 18/18 MP: 1/1
   367 | D:1      | Reached skill level 3 in Unarmed Combat
   367 | D:1      | Gained mutation: You have a pair of small horns on your
                  | head. [demonic ancestry]
   367 | D:1      | Reached XP level 2. HP: 17/24 MP: 2/2
   430 | D:1      | You fall through a shaft!
   608 | D:2      | Found a hazy altar of Hepliaklqana.
  1002 | D:2      | Reached XP level 3. HP: 29/29 MP: 3/3
  1791 | D:2      | Noticed Robin
  2017 | D:2      | Killed Robin
  2018 | D:2      | Reached XP level 4. HP: 9/35 MP: 4/4
  2348 | D:2      | Found a runed translucent door.
  2349 | D:2      | Noticed Crazy Yiuf
  2467 | D:3      | Reached skill level 4 in Unarmed Combat
  2679 | D:3      | Gained mutation: You regenerate a little health from kills.
                  | [demonic ancestry]
  2679 | D:3      | Reached XP level 5. HP: 13/41 MP: 5/5
  2686 | D:3      | Found a glowing drain.
  2690 | Sewer    | Entered a sewer
  3889 | D:3      | Noticed Sigmund
  3912 | D:3      | Killed Sigmund
  3912 | D:3      | Reached skill level 5 in Unarmed Combat
  3912 | D:3      | Reached XP level 6. HP: 20/47 MP: 6/6
  4633 | D:4      | Found a sand-covered staircase.
  4640 | Ossuary  | Entered an ossuary
  4640 | Ossuary  | Noticed a wraith
  4640 | Ossuary  | Noticed a wraith
  4640 | Ossuary  | Noticed a wraith
  4770 | Ossuary  | Noticed a wraith
  4779 | Ossuary  | Gained mutation: You can translocate small distances at
                  | will. [potion of mutation]
  4779 | Ossuary  | Gained mutation: You are weak. (Str -2) [potion of
                  | mutation]
  4779 | Ossuary  | Gained mutation: Your spells are a little harder to cast,
                  | but a little more powerful. [potion of mutation]
  4781 | Ossuary  | Lost mutation: You can translocate small distances at will.
                  | [potion of mutation]
  4781 | Ossuary  | Lost mutation: You are weak. (Str -2) [potion of mutation]
  4781 | Ossuary  | Gained mutation: You are resistant to hostile enchantments.
                  | (MR+) [potion of mutation]
  4781 | Ossuary  | Gained mutation: You expend magic power (3 MP) to
                  | strengthen your wands. [potion of mutation]
  4797 | Ossuary  | Killed a wraith
  4797 | Ossuary  | Reached skill level 6 in Unarmed Combat
  4797 | Ossuary  | Gained mutation: When hurt, damage is shared between your
                  | health and your magic reserves. [demonic ancestry]
  4797 | Ossuary  | Reached XP level 7. HP: 22/52 MP: 7/7
  5030 | D:4      | Noticed Pikel
  5056 | D:4      | Killed Pikel
  5056 | D:4      | Reached skill level 7 in Unarmed Combat
  5384 | D:4      | Gained mutation: You have a pair of horns on your head.
                  | [demonic ancestry]
  5384 | D:4      | Reached XP level 8. HP: 52/60 MP: 6/8
  5439 | D:4      | Killed Crazy Yiuf
  5702 | D:5      | Entered Level 5 of the Dungeon
  5791 | D:5      | Reached skill level 8 in Unarmed Combat
  5887 | D:5      | Found a staircase to the Ecumenical Temple.
  5903 | Temple   | Entered the Ecumenical Temple
  6231 | Temple   | Became a worshipper of Qazlal Stormbringer
  6231 | Temple   | Reached * piety under Qazlal
  6231 | Temple   | Reached ** piety under Qazlal
  6382 | D:5      | Reached skill level 1 in Invocations
  6402 | D:5      | Found the +4 dagger "Morg" {pain, MR+ Int+5}
  6955 | D:6      | Found a runed translucent door.
  6994 | D:6      | Noticed ubername's ghost (novice MiMo)
  7033 | D:6      | Killed ubername's ghost
  7033 | D:6      | Reached skill level 9 in Unarmed Combat
  7033 | D:6      | Reached XP level 9. HP: 12/66 MP: 1/11
  7434 | D:6      | Noticed Eustachio
  7451 | D:7      | Killed Eustachio
  7914 | D:6      | Reached skill level 10 in Unarmed Combat
  8212 | D:6      | Noticed Menkaure
  8468 | D:6      | Killed Menkaure
  8468 | D:6      | Reached skill level 5 in Dodging
  9046 | D:7      | Reached *** piety under Qazlal
  9583 | D:8      | Reached skill level 11 in Unarmed Combat
  9859 | D:8      | Found a shattered altar of Ashenzari.
  9873 | D:8      | Reached skill level 5 in Invocations
 10083 | D:8      | Found an opulent altar of Gozag.
 10084 | D:8      | Found a glowing silver altar of Zin.
 10186 | D:9      | Found a staircase to the Lair.
 10219 | D:9      | Reached XP level 10. HP: 71/73 MP: 11/13
 10366 | D:9      | Paralysed by a hornet for 1 turns
 10787 | D:9      | Noticed a cyclops
 10796 | D:9      | Killed a cyclops
 10948 | D:9      | Reached skill level 12 in Unarmed Combat
 11172 | D:10     | Entered Level 10 of the Dungeon
 11210 | Lair:1   | Entered Level 1 of the Lair of Beasts
 11210 | Lair:1   | Noticed a spiny frog
 11222 | Lair:1   | Killed a spiny frog
 11301 | D:10     | Noticed a two-headed ogre
 11362 | D:9      | Reached skill level 5 in Fighting
 11387 | D:9      | Reached **** piety under Qazlal
 11729 | D:10     | Killed a two-headed ogre
 11774 | D:10     | Gained mutation: You have a pair of large horns on your
                  | head. [demonic ancestry]
 11774 | D:10     | Reached XP level 11. HP: 78/78 MP: 11/15
 11786 | D:10     | Noticed a two-headed ogre
 11792 | D:10     | Killed a two-headed ogre
 12285 | D:11     | Noticed a two-headed ogre
 12439 | Lair:1   | Reached skill level 13 in Unarmed Combat
 13062 | Lair:2   | Noticed Gastronok
 13970 | Lair:2   | Found a runed translucent gate.
 13970 | Lair:2   | Found a runed translucent gate.
 13970 | Lair:2   | Found a runed translucent gate.
 13971 | Lair:2   | Noticed an eight-headed hydra
 13971 | Lair:2   | Noticed razor4143's ghost (journeyman TrFi)
 14115 | Lair:2   | Found a staircase to the Snake Pit.
 14266 | Lair:2   | Found a staircase to the Swamp.
 14476 | Lair:2   | Killed Gastronok
 14759 | Lair:2   | Got a scintillating glass ring
 15062 | Lair:2   | Identified the ring of Nuduf {+Blink EV+1} (You found it on
                  | level 2 of the Lair of Beasts)
 15161 | Lair:3   | Reached skill level 1 in Evocations
 15465 | Lair:3   | Reached XP level 12. HP: 59/89 MP: 14/18
 15475 | Lair:3   | Reached ***** piety under Qazlal
 16272 | Lair:4   | Reached skill level 14 in Unarmed Combat
 17968 | Lair:5   | Noticed a six-headed hydra
 17971 | Lair:5   | Killed a six-headed hydra
 18300 | Lair:5   | Reached skill level 10 in Invocations
 18506 | Lair:5   | Found a runed translucent gate.
 18506 | Lair:5   | Found a runed translucent gate.
 18506 | Lair:5   | Found a runed translucent gate.
 18507 | Lair:5   | Noticed Thalamas's ghost (journeyman MiBe)
 18507 | Lair:5   | Noticed a ten-headed hydra
 18508 | Lair:5   | Noticed a 14-headed hydra
 18512 | Lair:5   | Noticed a seven-headed hydra
 18532 | Lair:5   | Killed a seven-headed hydra
 18968 | Lair:6   | Entered Level 6 of the Lair of Beasts
 18993 | Lair:5   | Reached XP level 13. HP: 49/98 MP: 10/20
 20346 | Lair:5   | HP: 2/98 [seven-headed hydra (12)]
 20842 | Lair:5   | Reached skill level 5 in Evocations
 21725 | Lair:5   | Reached skill level 15 in Unarmed Combat
 21956 | Lair:6   | Reached skill level 10 in Dodging
 21956 | Lair:6   | Reached skill level 1 in Shields
 22136 | Lair:6   | Found a staircase to the Slime Pits.
 22279 | Lair:6   | Got an ancient marble ring
 22281 | Lair:6   | Identified the cursed ring "Yczueruc" {rN+ MR- MP+9 Str+4
                  | Dex-2} (You found it on level 6 of the Lair of Beasts)
 23368 | Lair:3   | Killed razor4143's ghost
 24635 | D:11     | Found Wuck's Armour Shop.
 24635 | D:11     | Found a staircase to the Orcish Mines.
 24643 | D:11     | Reached XP level 14. HP: 100/106 MP: 20/22
 24658 | D:11     | Reached ****** piety under Qazlal
 24729 | D:11     | Found a roughly hewn altar of Beogh.
 25092 | Orc:1    | Entered Level 1 of the Orcish Mines
 25174 | Orc:1    | Found a roughly hewn altar of Beogh.
 25385 | Orc:2    | Entered Level 2 of the Orcish Mines
 25460 | Orc:2    | Found a staircase to the Elven Halls.
 25563 | Orc:2    | Found a roughly hewn altar of Beogh.
 25812 | Orc:2    | Found a roughly hewn altar of Beogh.
 25815 | Orc:2    | Found Malifarr's Antique Armour Emporium.
 25954 | Orc:1    | Noticed Jorgrun
 25975 | Orc:1    | HP: 3/108 [Jorgrun/uncursed staff of earth (6)]
 25975 | Orc:1    | Slain by a troll

Skill      XL: |  1  2  3  4  5  6  7  8  9 10 11 12 13 14 |
---------------+-------------------------------------------+-----
Unarmed Combat | 3 4 5 6 7 9 11 12 13 14 15 | 15.5
Dodging        | 3 4 5 6 7 9 10 | 10.8
Stealth        | 2 3 |  3.0
Fighting       | 4 5 6 7 8 9 |  9.1
Invocations    | 3 5 6 8 10 11 | 11.6
Evocations     | 1 4 5 |  5.0
Shields        | 3 4 |  4.0
Short Blades   | |  0.5
Armour         | |  0.3

Action                   |  1- 3 |  4- 6 |  7- 9 | 10-12 | 13-15 || total
-------------------------+-------+-------+-------+-------+-------++-------
Melee: Unarmed           |   145 |   260 |   385 |   579 |   515 ||  1884
       Headbutt          |    26 |    43 |    87 |   143 |   155 ||   454
       Punch             |     2 |     5 |    22 |    42 |    41 ||   112
       Dagger            |       |       |     9 |       |       ||     9
Invok: Upheaval          |       |       |       |     1 |     1 ||     2
 Abil: Evoke Berserk Rag |       |       |       |     1 |       ||     1
       Evoke Blink       |       |       |       |       |     1 ||     1
Evoke: Wand              |       |       |       |     6 |    21 ||    27
  Use: Scroll            |     1 |     3 |     9 |     8 |    12 ||    33
       Potion            |       |    11 |     4 |     5 |    14 ||    34
 Stab: Sleeping          |     6 |     2 |     4 |       |       ||    12
       Invisible         |       |       |     1 |       |       ||     1
  Eat: Chunk             |     3 |     5 |    15 |    19 |     8 ||    50
       Ration            |       |     2 |       |     4 |     4 ||    10
Armor: Robe              |    28 |    68 |    88 |    99 |    78 ||   361
Dodge: Dodged            |    85 |   189 |   284 |   382 |   357 ||  1297
       Deflected         |       |       |       |     5 |     6 ||    11
Block: Other             |       |       |    36 |   122 |   164 ||   322
